AoeStats
← Virtual Sabre

Arena

510089293Analyzed
1v1 RM · 4d ago on Sep 29, 2026· 29m 58s· 2 players
Game mode
Random Map
Map size
Tiny (2 player)
Population
200
Speed
Normal
Resources
Standard
Victory
Conquest
Starting age
Dark Age
Ending age
Imperial Age
RankedLock teamsTeams togetherTeam positionsShared explorationLock speedFull tech treeHidden civsTurbo modeCheats
Victory
Defeat
🇻🇳 Franks · Vietnam
968
+17
🇩🇪 Hindustanis · Germany
992
-17
Vĩnh Nguyễn HCMCity
11:17 Feudal Age
15:44 Castle Age
13:31 Loom
18:08 Double-Bit Axe
18:16 Gold Mining
23:30 Imperial Age
21:33 Bow Saw
24:27 Stone Mining
25:15 Gold Shaft Mining
24:34 Stone Mining
Virtual Sabre
12:07 Feudal Age
13:07 Double-Bit Axe
15:49 Castle Age
13:46 Stone Mining
14:59 Gold Mining
18:16 Loom
23:30 Fletching
32:01 Imperial Age
Connection lost

Rejoining the realm…

Still unreachable

The connection could not be restored.

Session expired

The server has moved on; the page needs a fresh start.